 Dungeon Crawl Stone Soup version 0.27-a0-1200-g94dc6ad4cf (webtiles) character file.

Game seed: 6382529227117889060

81432 HoaS the Brawler (level 15, -1/135 HPs)
             Began as a Ghoul Gladiator on May 28, 2021.
             Was the Champion of Makhleb.
             Slain by an orc knight
             ... wielding a +0 broad axe
              (19 damage)
             ... on level 2 of the Orcish Mines on May 31, 2021.
             The game lasted 00:59:48 (21024 turns).

HoaS the Brawler (Ghoul Gladiator)                 Turns: 21024, Time: 00:59:48

Health: -1/135     AC: 21    Str: 21    XL:     15   Next: 70%
Magic:  0/14       EV: 12    Int:  6    God:    Makhleb [******]
Gold:   2847       SH:  0    Dex: 19    Spells: 14/14 levels left

rFire    + . .     SeeInvis +     - Unarmed
rCold    + . .     Faith    .   (no shield)
rNeg     + + +     Spirit   +   a - +0 plate armour
rPois    ∞         Reflect  .   k - +0 helmet {Int+3}
rElec    .         Harm     .   v - +0 cloak
rCorr    +         Rampage  .   (no gloves)
Will     ++...                  A - +2 pair of boots of Qior {Str-2 Dex+5}
Stlth    ..........             u - amulet "Hasuaq" {Spirit rF+ Will+ Str+2 SInv}
HPRegen  0.00/turn              (no ring)
MPRegen  0.14/turn              C - ring of resist corrosion

@: no status effects
A: claws 1, cold resistance 1, negative energy resistance 3, inhibited
regeneration, torment resistance 2
a: Renounce Religion, Minor Destruction, Lesser Servant of Makhleb, Major
Destruction, Greater Servant of Makhleb


You were on level 2 of the Orcish Mines.
You worshipped Makhleb.
Makhleb was exalted by your worship.
You visited 4 branches of the dungeon, and saw 21 of its levels.
You also visited: Ossuary.

You collected 2847 gold pieces.

Inventory:

Missiles
 c - a throwing net (quivered)
 g - 49 poisoned darts
 h - 4 curare-tipped darts
 n - 6 javelins
 t - 23 boomerangs
 J - 3 boomerangs of dispersal
Armour
 a - a +0 plate armour (worn)
 k - a +0 helmet of intelligence (worn)
 v - a +0 cloak (worn)
 A - the +2 pair of boots of Qior (worn) {Str-2 Dex+5}
   (You found it on level 5 of the Lair of Beasts)

   It affects your strength (-2).
   It affects your dexterity (+5).
Jewellery
 e - a ring of fire
 u - the amulet "Hasuaq" (around neck) {Spirit rF+ Will+ Str+2 SInv}
   (You found it on level 9 of the Dungeon)

   [amulet of guardian spirit]

   It causes incoming damage to be divided between your reserves of health and
   magic.
   It affects your strength (+2).
   It protects you from fire.
   It lets you see invisible.
   It increases your willpower.
 w - a +6 ring of intelligence
 z - a ring of fire
 C - a ring of resist corrosion (right claw)
 H - a ring of protection from cold
Wands
 i - a wand of flame (27)
 p - a wand of digging (14)
 q - a wand of mindburst (33)
 r - a wand of paralysis (20)
 s - a wand of acid (15)
 D - a wand of iceblast (22)
Scrolls
 b - 2 scrolls of fear
 l - 6 scrolls of teleportation
 m - 3 scrolls of fog
 y - a scroll of torment
 E - a scroll of summoning
 F - a scroll of blinking
Potions
 d - 2 potions of cancellation
 f - 2 potions of resistance
 j - 6 potions of flight
 B - a potion of attraction {unknown}
 G - 2 potions of ambrosia
 I - a potion of invisibility {unknown}


   Skills:
 + Level 13.0 Fighting
 - Level 1.7 Throwing
 + Level 11.3 Armour
 + Level 11.2 Dodging
 * Level 18.7 Unarmed Combat


You had 14 spell levels left.
You didn't know any spells.
Your spell library contained the following spells:

 Spells                   Type           Power      Damage    Failure   Level
 Animate Skeleton         Necr           0%         N/A       100%        1
 Pain                     Necr           0%         1d4       100%        1
 Sting                    Tmut/Pois      0%         1d3       100%        1
 Summon Small Mammal      Summ           0%         N/A       100%        1
 Call Imp                 Summ           0%         N/A       100%        2
 Poisonous Vapours        Pois/Air       0%         N/A       100%        2
 Call Canine Familiar     Summ           0%         N/A       100%        3
 Ignite Poison            Fire/Tmut/Pois 0%         N/A       100%        3
 Mephitic Cloud           Conj/Pois/Air  0%         N/A       100%        3
 Summon Guardian Golem    Hex/Summ       0%         N/A       100%        3
 Vampiric Draining        Necr           0%         2d6       100%        3
 Animate Dead             Necr           0%         N/A       100%        4
 Olgreb's Toxic Radiance  Pois           0%         N/A       100%        4
 Summon Ice Beast         Ice/Summ       0%         N/A       100%        4
 Summon Lightning Spire   Summ/Air       0%         N/A       100%        4
 Agony                    Necr           0%         N/A       100%        5
 Borgnjor's Vile Clutch   Necr/Erth      0%         N/A       100%        5
 Summon Forest            Summ/Tloc      0%         N/A       100%        5
 Summon Mana Viper        Hex/Summ       0%         N/A       100%        5
 Death Channel            Necr           0%         N/A       100%        6
 Shadow Creatures         Summ           N/A        N/A       100%        6
 Simulacrum               Ice/Necr       0%         N/A       100%        6
 Summon Hydra             Summ           0%         N/A       100%        7
 Chain Lightning          Conj/Air       0%         N/A       100%        8
 Lehudib's Crystal Spear  Conj/Erth      0%         10d2      100%        8
 Absolute Zero            Ice            0%         ∞         100%        9
 Fire Storm               Conj/Fire      0%         5d1       100%        9


Dungeon Overview and Level Annotations

Branches:
Dungeon (12/15)            Temple (1/1) D:4            Lair (6/6) D:9
  Swamp (0/4) Lair:4       Spider (0/4) Lair:3        Slime (0/5) Lair:6
    Orc (2/2) D:9         Ossuary (visited)
    Elf: Orc:2

Altars:
Ashenzari
Cheibriados
Dithmenos
Elyvilon
Fedhas
Gozag
Hepliaklqana
Kikubaaqudgha
Makhleb
Nemelex Xobeh
Okawaru
Qazlal
Ru
Sif Muna
Trog
Uskayaw
Vehumet
Wu Jian
Xom
Yredelemnul
Zin
The Shining One
Jiyva

Shops:
D:9 :

Portals:
Trove: D:11 (give 3 potions of resistance)

Annotations:
Lair:6 1 runed translucent door


Innate Abilities, Weirdness & Mutations

You thrive by killing the living.
You are immune to poison.
You have sharp fingernails.
Your flesh is cold resistant. (rC+)
You are immune to negative energy. (rN+++)
You do not regenerate when monsters are visible.
You are immune to unholy pain and torment.


Message History

You closely miss the orc knight.
The orc knight is moderately wounded.
The orc knight hits you with a +0 great mace!!
The orc warrior hits you but does no damage.
You mangle the orc knight!!
The orc knight is severely wounded.
The orc knight hits you with a +0 great mace!!!
* * * LOW HITPOINT WARNING * * *
Your plate armour prevents you from hitting the orc knight.
The orc knight is severely wounded.
The orc warrior hits you with a +0 battleaxe!
* * * LOW HITPOINT WARNING * * *
You barely miss the orc knight.
The orc knight is severely wounded.
The orc knight barely misses you.
You mangle the orc knight!! You claw the orc knight.
The orc knight is almost dead.
The orc knight roars a battlecry!
The orc knight goes into a battle-frenzy!
You claw the orc knight!
You kill the orc knight!
Makhleb accepts your kill.
You feel better.
The orc warrior unwields a +0 battleaxe.
The orc warrior wields a +0 arbalest.
The orc warrior shoots a bolt.
The bolt hits you.
* * * LOW HITPOINT WARNING * * *
You feel better.
The orc knight unwields a +0 arbalest.
The orc knight wields a +0 broad axe.
The orc knight hits you with a +0 broad axe.
* * * LOW HITPOINT WARNING * * *
The orc warrior shoots a bolt.
The bolt completely misses you.
You feel better.
The orc knight hits you with a +0 broad axe!
* * * LOW HITPOINT WARNING * * *
The orc warrior shoots a bolt.
The bolt hits you but does no damage.
You claw the orc knight!
The orc knight is lightly wounded.
The orc knight hits you with a +0 broad axe!!
You die...

.....[....## ##.....[...[^#
....<.....## #...$)[....##
...........# #....)[......#
...........####...$[.......#
.............#...............
....###..........#####........
...###.#.......)o.##
.......... ...#
#####.....#)o.# #.........
.### #####o.)##@### ###... .#
##.##o#..#### ## ##...#.#o..#
# ##.#).)))..## #.....)o..##
##.......## #.........#
##.....#.#########
..................


You could see an orc knight (strong) and an orc warrior (strong).

Vanquished Creatures
  An orc warlord (Orc:1)
  A dire elephant (Lair:6)
  Snorg (Lair:6)
  The ghost of Neix the Fighter, a journeyman BaSk of Qazlal (Lair:2)
  11 hydras
  A boulder beetle (D:11)
  2 catoblepae
  A centaur warrior (Orc:2)
  15 death yaks
  A deep troll shaman (Lair:6)
  2 two-headed ogres
  Nergalle (Lair:3)
  2 fire crabs (Lair:5)
  2 orc knights
  3 ugly things
  4 manticores
  An orc sorcerer (Orc:1)
  5 black mambas
  15 elephants
  15 cane toads
  2 torpor snails
  A gargoyle (D:11)
  An unseen horror (D:12)
  7 komodo dragons
  4 rime drakes
  The ghost of tsouns the Insei, a novice TeDe of Xom (D:5)
  4 trolls
  A polar bear (Lair:2)
  A hornet (D:9)
  15 blink frogs
  10 dream sheep (Lair:6)
  91 yaks
  2 wyverns
  2 wraiths (D:9)
  3 basilisks
  A fire bat (Lair:5)
  A fire elemental (Lair:5)
  A steam dragon (D:9)
  5 vampire mosquitoes (Lair:3)
  Edmund (D:4)
  2 wargs (Orc:1)
  18 water moccasins
  3 acid dragons
  24 orc warriors
  2 sky beasts
  2 black bears
  A hornet zombie (D:7)
  3 ice beasts (D:5)
  5 ogres
  A black mamba simulacrum (Lair:2)
  18 centaurs
  25 wolves
  8 necrophages
  9 bullfrogs
  4 kobold brigands
  Blork the orc (D:6)
  4 scorpions
  A cane toad simulacrum (Lair:2)
  2 water moccasin skeletons
  A blink frog simulacrum (Lair:2)
  12 wights
  A howler monkey (D:7)
  An electric eel (D:9)
  2 bullfrog zombies (D:7)
  6 centaur zombies
  3 komodo dragon simulacra (Lair:2)
  13 orc priests
  A hound (D:6)
  5 jellies
  A centaur skeleton (D:5)
  A water moccasin simulacrum (Lair:2)
  3 iguanas
  Ijyb (D:3)
  25 orc wizards
  6 hell rats (Lair:6)
  13 mummies
  Robin (D:4)
  5 adders
  2 shadow imps
  2 white imps
  An ufetubus (D:5)
  3 worms
  2 dart slugs
  73 orcs
  5 ball pythons
  9 bats
  10 endoplasms
  4 giant cockroaches
  12 goblins
  6 hobgoblins
  13 jackals
  3 quokkas
  3 frilled lizards
  A gnoll zombie (Ossuary)
  2 hobgoblin zombies (Ossuary)
  25 kobolds
  5 kobold zombies
  2 orc zombies
  4 rats
660 creatures vanquished.

Vanquished Creatures (others)
  A bush (Lair:6)
  83 fungi
  51 plants
135 creatures vanquished.

Grand Total: 795 creatures vanquished

Notes
Turn   | Place    | Note
-------+----------+-------------------------------------------
     0 | D:1      | HoaS the Ghoul Gladiator began the quest for the Orb.
     0 | D:1      | Reached XP level 1. HP: 17/17 MP: 0/0
   171 | D:1      | Reached XP level 2. HP: 22/24 MP: 1/1
   216 | D:1      | Reached skill level 4 in Unarmed Combat
   685 | D:2      | Reached XP level 3. HP: 20/29 MP: 2/2
   813 | D:2      | Reached skill level 5 in Unarmed Combat
  1018 | D:2      | Reached XP level 4. HP: 36/36 MP: 3/3
  1668 | D:3      | Noticed a scorpion
  1684 | D:2      | Killed a scorpion
  1685 | D:2      | Reached skill level 6 in Unarmed Combat
  1685 | D:2      | Reached XP level 5. HP: 41/41 MP: 4/4
  1926 | D:3      | Noticed Ijyb
  1953 | D:3      | Killed Ijyb
  2089 | D:3      | Reached skill level 7 in Unarmed Combat
  2089 | D:3      | Reached XP level 6. HP: 39/48 MP: 5/5
  2268 | D:4      | Found a staircase to the Ecumenical Temple.
  2326 | D:4      | Found a sand-covered staircase.
  2381 | Ossuary  | Entered an ossuary
  2706 | Ossuary  | Reached skill level 8 in Unarmed Combat
  3217 | Temple   | Entered the Ecumenical Temple
  3285 | Temple   | Became a worshipper of Makhleb the Destroyer
  3344 | D:4      | Reached XP level 7. HP: 52/55 MP: 6/6
  3450 | D:4      | Noticed Edmund
  3469 | D:4      | Killed Edmund
  3470 | D:4      | Reached skill level 9 in Unarmed Combat
  3855 | D:4      | Noticed Robin
  3877 | D:4      | Killed Robin
  4152 | D:4      | Reached skill level 1 in Armour
  4299 | D:5      | Entered Level 5 of the Dungeon
  4365 | D:5      | Reached * piety under Makhleb
  4526 | D:5      | Found a shimmering blue altar of Sif Muna.
  4590 | D:5      | Reached XP level 8. HP: 58/63 MP: 7/7
  4598 | D:5      | Noticed tsouns's ghost (novice TeDe)
  4602 | D:5      | Found a transporter.
  4640 | D:5      | Found a transporter.
  5106 | D:5      | Found a stormy altar of Qazlal.
  5143 | D:5      | Reached skill level 10 in Unarmed Combat
  5265 | D:5      | Reached XP level 9. HP: 72/72 MP: 8/8
  5310 | D:5      | Killed tsouns's ghost
  5380 | D:5      | Reached skill level 5 in Fighting
  5429 | D:6      | Reached ** piety under Makhleb
  5432 | D:6      | Noticed Blork the orc
  5443 | D:6      | Killed Blork the orc
  5966 | D:7      | Reached skill level 11 in Unarmed Combat
  5976 | D:7      | Reached skill level 5 in Armour
  5979 | D:7      | Reached skill level 5 in Dodging
  6081 | D:7      | Reached XP level 10. HP: 69/83 MP: 9/9
  6351 | D:7      | Found a blossoming altar of Fedhas.
  6621 | D:8      | Found a shimmering altar of Xom.
  6782 | D:8      | Reached *** piety under Makhleb
  7035 | D:8      | Found a shadowy altar of Dithmenos.
  7048 | D:8      | Found a stormy altar of Qazlal.
  7550 | D:9      | Noticed a brown ugly thing
  7564 | D:9      | Killed a brown ugly thing
  7565 | D:9      | Reached skill level 12 in Unarmed Combat
  7765 | D:9      | Upgraded the game from 0.27-a0-1196-g3e9cee4cb2 to
                  | 0.27-a0-1200-g94dc6ad4cf
  8020 | D:9      | Found a hazy altar of Hepliaklqana.
  8518 | D:9      | Found a staircase to the Lair.
  8523 | D:9      | Reached **** piety under Makhleb
  8524 | D:9      | Reached XP level 11. HP: 86/92 MP: 10/10
  8659 | D:9      | Identified the amulet "Hasuaq" {Spirit rF+ Will+ Str+2
                  | SInv}
  8774 | D:9      | Found Uleppuo's Book Shop.
  8952 | D:9      | Found a staircase to the Orcish Mines.
  9046 | D:10     | Entered Level 10 of the Dungeon
  9389 | D:10     | Reached skill level 13 in Unarmed Combat
 10031 | Lair:1   | Entered Level 1 of the Lair of Beasts
 11333 | Lair:2   | Found a runed translucent gate.
 11333 | Lair:2   | Found a runed translucent gate.
 11333 | Lair:2   | Found a runed translucent gate.
 11448 | Lair:2   | Reached ***** piety under Makhleb
 11556 | Lair:2   | Reached skill level 14 in Unarmed Combat
 11628 | Lair:2   | Noticed Neix's ghost (journeyman BaSk)
 11685 | Lair:2   | Reached XP level 12. HP: 103/103 MP: 11/11
 12028 | Lair:2   | Noticed a seven-headed hydra
 12040 | Lair:2   | Killed a seven-headed hydra
 12369 | Lair:2   | Identified a scroll of acquirement
 12369 | Lair:2   | Acquired 1125 gold pieces
 12382 | Lair:3   | Noticed Nergalle
 12396 | Lair:3   | Killed Nergalle
 12891 | Lair:3   | Noticed a six-headed hydra
 12898 | Lair:3   | Killed a six-headed hydra
 13022 | Lair:3   | Noticed a five-headed hydra
 13038 | Lair:3   | Killed a five-headed hydra
 13039 | Lair:3   | Reached skill level 15 in Unarmed Combat
 13149 | Lair:3   | Found a hole to the Spider Nest.
 13320 | Lair:4   | Reached skill level 10 in Fighting
 13332 | Lair:4   | Found a staircase to the Swamp.
 13450 | Lair:4   | Noticed a four-headed hydra
 13479 | Lair:3   | Killed a four-headed hydra
 13480 | Lair:3   | Reached XP level 13. HP: 49/113 MP: 3/12
 14157 | Lair:4   | Reached skill level 16 in Unarmed Combat
 15037 | Lair:5   | Found a transporter.
 15046 | Lair:5   | Reached ****** piety under Makhleb
 15639 | Lair:5   | Reached XP level 14. HP: 88/124 MP: 8/13
 15767 | Lair:5   | Reached skill level 10 in Armour
 15767 | Lair:5   | Reached skill level 10 in Dodging
 15888 | Lair:5   | Found a transporter.
 16280 | Lair:2   | Killed Neix's ghost
 16281 | Lair:2   | Reached skill level 17 in Unarmed Combat
 16586 | Lair:5   | Identified the +2 pair of boots of Qior {Str-2 Dex+5}
 16611 | Lair:6   | Entered Level 6 of the Lair of Beasts
 16611 | Lair:6   | Found a runed translucent door.
 16611 | Lair:6   | Found a viscous altar of Jiyva.
 16611 | Lair:6   | Noticed an azure jelly
 16611 | Lair:6   | Noticed an azure jelly
 16613 | Lair:6   | Noticed an azure jelly
 17219 | Lair:6   | Noticed a dire elephant
 17239 | Lair:6   | Killed a dire elephant
 18158 | Lair:6   | Noticed Snorg
 18183 | Lair:6   | Killed Snorg
 18184 | Lair:6   | Reached XP level 15. HP: 119/134 MP: 9/14
 18297 | Lair:6   | Reached skill level 18 in Unarmed Combat
 18566 | Lair:6   | Found a staircase to the Slime Pits.
 18805 | D:11     | Found a portal to a secret trove of treasure.
 18805 | D:11     | You fall into a shaft and drop 1 floor!
 19880 | Orc:1    | Entered Level 1 of the Orcish Mines
 20100 | Orc:2    | Entered Level 2 of the Orcish Mines
 20446 | Orc:2    | Noticed an orc warlord
 20503 | Orc:1    | HP: 6/134 [orc warlord/+1 war axe of electrocution (9)]
 20504 | Orc:1    | Killed an orc warlord
 21018 | Orc:2    | HP: 4/135 [orc warrior/+0 battleaxe (12)]
 21024 | Orc:2    | Slain by an orc knight

Illustrated notes

Levels and vault maps discovered:
D:1:      minmay_arrival_open_corners, layout_loops_ring
D:2:      layout_loops_ring, basic_altar, chequers_garden, eino_tiny_chamber
D:3:      layout_rooms, chequers_serial_rivers_micro_d, roderic_roman_lattice,
          minmay_checkerbox, uniq_ijyb
D:4:      layout_loops_ring, minmay_temple_entry_fiery,
          nicolae_ossuary_entry_giza, uniq_robin, uniq_edmund
D:5:      layout_rooms, lemuel_blue_sif_altar, gammafunk_ghost_arena,
          minmay_ruined_shrine
D:6:      layout_cave_pools, serial_column_ruins, column_ruins_pillar_3,
          column_ruins_pillar_9, column_ruins_pillar_1, column_ruins_pillar_9,
          column_ruins_pillar_5, column_ruins_pillar_3, column_ruins_pillar_2,
          column_ruins_pillar_3, column_ruins_pillar_9, column_ruins_pillar_1,
          column_ruins_pillar_7, column_ruins_pillar_9, column_ruins_pillar_4,
          column_ruins_pillar_6, column_ruins_pillar_3, column_ruins_pillar_6,
          column_ruins_pillar_11, column_ruins_pillar_1, uniq_blork_the_orc
D:7:      layout_rooms, fedhas_bush_and_centaur_altar, serial_undead,
          serial_undead_d, serial_undead_c, serial_undead_d, serial_undead_d,
          serial_undead_d, serial_undead_f
D:8:      layout_loops_corners, tgw_xom, amethyst_overflow_temple_binary
D:9:      layout_roguey, kennysheep_little_box, lair_entry_dummy, erik_orc_2,
          serial_shops, shop
D:10:     layout_small_grid, wad_dig_loot
D:11:     layout_rooms, nicolae_trove_entry_isolated
D:12:     layout_rooms
Temple:   nicolae_temple_x_marks_the_god
Lair:1:   layout_small_grid
Lair:2:   cheibrodos_lair_river_kwai, layout_small_grid, gammafunk_ghost_icy,
          minivault_19
Lair:3:   layout_roguey, spider_nest_entry_web_field, uniq_nergalle
Lair:4:   layout_hall_layers, minmay_swamp_entry_swarm, grunt_megastairs_5
Lair:5:   gammafunk_cloud_chamber, layout_gridlike, lemuel_old_faithful
Lair:6:   grunt_lair_end_beastmaster, layout_misc_corridors, slime_altar_2,
          serial_bayou_shore_b, uniq_snorg
Orc:1:    layout_diamond_mine, basic_altar
Orc:2:    st_orc_rangers, layout_diamond_mine

Skill      XL: |  1  2  3  4  5  6  7  8  9 10 11 12 13 14 15 |
---------------+----------------------------------------------+-----
Unarmed Combat | 4 5 6 7 8 9 10 11 12 14 15 16 17 18 | 18.7
Armour         | 3 4 5 6 7 8 9 10 11 | 11.3
Dodging        | 3 4 5 6 7 8 9 10 11 | 11.2
Fighting       | 3 4 5 7 8 10 11 12 13 | 13.0
Throwing       | |  1.7

Action                   |  1- 3 |  4- 6 |  7- 9 | 10-12 | 13-15 || total
-------------------------+-------+-------+-------+-------+-------++-------
Melee: Unarmed           |    70 |   202 |   318 |   678 |  1306 ||  2574
       Punch             |       |     6 |    10 |    37 |   138 ||   191
Throw: Boomerang         |       |       |       |    10 |     2 ||    12
       Throwing net      |       |       |       |     4 |     2 ||     6
       Javelin           |       |       |       |     3 |     5 ||     8
Evoke: Wand              |       |     4 |       |     9 |       ||    13
  Use: Scroll            |     2 |    12 |     1 |     9 |     6 ||    30
       Potion            |       |     4 |       |     2 |     9 ||    15
 Stab: Sleeping          |     1 |       |       |       |       ||     1
       Held in net/web   |       |       |       |     2 |       ||     2
Armor: Leather armour    |    17 |     7 |       |       |       ||    24
       Ring mail         |       |     5 |       |       |       ||     5
       Plate armour      |       |    97 |   179 |   358 |   741 ||  1375
Dodge: Dodged            |    35 |    63 |    94 |   239 |   666 ||  1097

Table legend: (Time is in decaauts)
 A = Elapsed time spent in this place.
 B = Non-inter-level travel time spent in this place.
 C = Inter-level travel time spent in this place.
 D = Time resting spent in this place.
 E = Time spent auto-exploring this place.
 F = Levels seen in this place.
 G = Mean time per level.
                   A        B        C        D        E       F      G
               +--------+--------+--------+--------+--------+-----+--------+
         Total |  20383 |  19555 |    828 |   6037 |   9265 |  22 |  926.5 |
       Dungeon |  10194 |   9701 |    493 |   2290 |   5430 |  12 |  849.5 |
        Temple |     78 |     52 |     26 |      0 |     50 |   1 |   78.0 |
          Lair |   8294 |   7996 |    298 |   2832 |   3452 |   6 | 1382.3 |
  Orcish Mines |   1048 |   1037 |     11 |    409 |    243 |   2 |  524.0 |
       Ossuary |    766 |    766 |      0 |    506 |     90 |   1 |  766.0 |
               +--------+--------+--------+--------+--------+-----+--------+

Top non-repeatable levels by time:
  Lair:6: 1896 daAuts
  Lair:2: 1757 daAuts
     D:9: 1439 daAuts
  Lair:4: 1280 daAuts
  Lair:5: 1222 daAuts
  Lair:3: 1218 daAuts
     D:4: 1206 daAuts
     D:8: 1192 daAuts
     D:5: 1088 daAuts
     D:2: 987 daAuts
    D:10: 987 daAuts
  Lair:1: 919 daAuts
 Ossuary: 766 daAuts
    D:11: 688 daAuts
     D:1: 677 daAuts
